 Dungeon Crawl Stone Soup version 0.25-a0-366-g516bc45ae0 (webtiles) character file.

Game seed: 13805741330839912754, levelgen mode: deterministic

652 Caramio the Cleaver (level 7, 0/60 HPs)
             Began as a Minotaur Fighter on Jan 6, 2020.
             Was an Initiate of Trog.
             Slain by a troll (12 damage)
             ... on level 5 of the Dungeon.
             The game lasted 00:03:31 (3580 turns).

Caramio the Cleaver (Minotaur Fighter)              Turns: 3580, Time: 00:03:31

Health: 0/60       AC: 13    Str: 21 (24) XL:     7   Next: 28%
Magic:  6/6        EV:  6    Int:  4 (5)  God:    Trog [......]
Gold:   233        SH:  9    Dex:  8 (10) Spells: 6/6 levels left

rFire    . . .     SeeInvis .   Y - +0 war axe
rCold    . . .     Gourm    .   c - +0 shield
rNeg     . . .     Faith    .   k - +0 chain mail
rPois    .         Spirit   .   (helmet restricted)
rElec    .         Reflect  .   u - +2 cloak "Efunoa" {Str+2}
rCorr    .         Harm     .   (no gloves)
MR       .....                  i - +0 pair of boots
Stlth    ..........             (no amulet)
HPRegen  0.20/turn              (no ring)
MPRegen  0.10/turn              (no ring)

@: no status effects
A: retaliatory headbutt, horns 2
a: Renounce Religion


You were on level 5 of the Dungeon.
You worshipped Trog.
Trog was noncommittal.
You were hungry.

You visited 1 branch of the dungeon, and saw 5 of its levels.

You collected 233 gold pieces.


Innate Abilities, Weirdness & Mutations

You reflexively headbutt those who attack you in melee.
You have a pair of horns on your head.


   Skills:
 + Level 4.6 Fighting
 - Level 9.1 Axes
 - Level 3.6 Armour
 - Level 1.2 Dodging
 - Level 4.0 Shields


You had 6 spell levels left.
You didn't know any spells.
Your spell library was empty.

Inventory:

Hand Weapons
 v - a +2 flail of protection
 Y - a +0 war axe (weapon)
Armour
 c - a +0 shield (worn)
 i - a +0 pair of boots (worn)
 k - a +0 chain mail (worn)
 u - the +2 cloak "Efunoa" (worn) {Str+2}
   (You found it on level 4 of the Dungeon)

   It affects your strength (+2).
Wands
 n - a wand of iceblast (8)
Scrolls
 l - 2 scrolls of remove curse
 q - a scroll of identify
 r - 3 scrolls of teleportation
 t - a scroll of magic mapping
Potions
 a - a potion of agility
 d - a potion of might
 h - a potion of lignification {unknown}
 j - 5 potions of curing
 o - a potion of mutation {unknown}
 p - 3 potions of haste
Comestibles
 f - 11 rations

Dungeon Overview and Level Annotations

Branches:
Dungeon (5/15)
 Temple: D:4-7

Altars:
Trog
Xom
The Shining One


Message History

The orc wizard gestures wildly while chanting.
The orc wizard seems to speed up.
You hit the troll.
You headbutt the troll, but do no damage.
The troll is heavily wounded.
Your shield and chain mail prevent you from hitting the centaur.
You block the centaur's attack.
An orc comes into view. It is wielding a +0 club.
The centaur shoots an arrow.
You block the arrow. The troll closely misses you. You furiously retaliate!
You headbutt the troll.
The troll claws you but does no damage. x2
The centaur hits you but does no damage.
You slash the troll!
The troll is almost dead.
You slash the quokka!
You kill the quokka!
Trog accepts your kill.
You hit the centaur.
The centaur shoots an arrow.
The arrow hits you! The troll bites you!
You die...

..#... .#...#?
..#...# #
#...#... #.
...o.... #.#
.Z#T..#.
#..#sOa#...#
#..c#Tc?#...
#..#@..#...#
#.#(..#...#.
#...........
####o###.###
##..# .#
####...##..####
+..............
####...########
#.........#


You could see 2 trolls, an ogre, 2 centaurs, a worker ant, an orc wizard, an orc
and a bullfrog zombie.

Vanquished Creatures
  Edmund (D:4)
  A phantom (D:4)
  A scorpion (D:4)
  2 howler monkeys
  An orc priest (D:3)
  Jessica (D:2)
  Ijyb (D:2)
  2 orc wizards (D:4)
  4 gnolls (D:2)
  5 adders
  2 oozes
  2 worms
  2 dart slugs
  3 leopard geckos
  8 orcs
  6 giant cockroaches
  10 goblins
  11 hobgoblins
  6 jackals
  5 kobolds
  A quokka (D:5)
  6 bats
  8 frilled lizards
  A quokka skeleton (D:4)
  7 rats
97 creatures vanquished.

Notes
Turn   | Place    | Note
-------+----------+-------------------------------------------
     0 | D:1      | Caramio the Minotaur Fighter began the quest for the Orb.
     0 | D:1      | Reached XP level 1. HP: 19/19 MP: 0/0
     0 | D:1      | 0 ||| counter = 13
   167 | D:1      | Reached skill level 3 in Axes
   175 | D:1      | 175 ||| UPGRADING to pair of boots.
   216 | D:1      | Reached XP level 2. HP: 23/26 MP: 1/1
   328 | D:1      | 328 ||| UPGRADING to chain mail.
   338 | D:1      | 338 ||| DROPPING +0 scale mail.
   558 | D:1      | Reached skill level 4 in Axes
   919 | D:1      | 919 ||| READING scroll labeled MACOIPL LEISA.
   920 | D:1      | 920 ||| READING 3 scrolls labeled LETOLIOQYU.
   921 | D:1      | 921 ||| READING scroll labeled DUELA RIEPAKH.
   922 | D:1      | 922 ||| DRINKING 3 black potions.
   972 | D:2      | Noticed Jessica
   973 | D:2      | 973 ||| Stepping ~*~*~tactically~*~*~ (hiding).
   974 | D:2      | 974 ||| Stepping ~*~*~tactically~*~*~ (hiding).
   975 | D:2      | 975 ||| Waiting for ranged monster.
   976 | D:2      | 976 ||| Waiting for ranged monster.
   977 | D:2      | 977 ||| Stepping ~*~*~tactically~*~*~ (hiding).
   978 | D:2      | 978 ||| Waiting for ranged monster.
   979 | D:2      | 979 ||| Waiting for ranged monster.
   983 | D:2      | Killed Jessica
   983 | D:2      | Reached XP level 3. HP: 31/31 MP: 2/2
   984 | D:2      | 984 ||| Waiting for ranged monster.
   985 | D:2      | 985 ||| Waiting for ranged monster.
   986 | D:2      | 986 ||| Waiting for ranged monster.
  1034 | D:2      | 1034 ||| Stepping ~*~*~tactically~*~*~ (stealth).
  1054 | D:2      | 1054 ||| FLEEEEING.
  1055 | D:2      | 1055 ||| FLEEEEING.
  1056 | D:2      | 1056 ||| FLEEEEING.
  1057 | D:2      | 1057 ||| FLEEEEING.
  1061 | D:2      | Reached skill level 5 in Axes
  1128 | D:2      | 1128 ||| Stepping ~*~*~tactically~*~*~ (stealth).
  1224 | D:2      | 1224 ||| Stepping ~*~*~tactically~*~*~ (stealth).
  1226 | D:2      | 1226 ||| Stepping ~*~*~tactically~*~*~ (stealth).
  1229 | D:2      | Reached XP level 4. HP: 39/39 MP: 3/3
  1230 | D:2      | Noticed Ijyb
  1253 | D:2      | 1253 ||| Stepping ~*~*~tactically~*~*~ (stealth).
  1254 | D:2      | 1254 ||| Stepping ~*~*~tactically~*~*~ (stealth).
  1269 | D:2      | Killed Ijyb
  1443 | D:2      | Reached skill level 6 in Axes
  1464 | D:2      | 1464 ||| Stepping ~*~*~tactically~*~*~ (stealth).
  1465 | D:2      | 1465 ||| Stepping ~*~*~tactically~*~*~ (stealth).
  1467 | D:2      | 1467 ||| Stepping ~*~*~tactically~*~*~ (hiding).
  1468 | D:2      | 1468 ||| Waiting for ranged monster.
  1469 | D:2      | 1469 ||| Waiting for ranged monster.
  1470 | D:2      | 1470 ||| Waiting for ranged monster.
  1471 | D:2      | 1471 ||| Waiting for ranged monster.
  1472 | D:2      | 1472 ||| Waiting for ranged monster.
  1473 | D:2      | 1473 ||| Waiting for ranged monster.
  1474 | D:2      | 1474 ||| Waiting for ranged monster.
  1475 | D:2      | 1475 ||| Waiting for ranged monster.
  1476 | D:2      | 1476 ||| Waiting for ranged monster.
  1481 | D:2      | Reached skill level 1 in Dodging
  1485 | D:2      | Reached XP level 5. HP: 45/45 MP: 4/4
  1488 | D:2      | 1488 ||| Stepping ~*~*~tactically~*~*~ (stealth).
  1491 | D:2      | 1491 ||| Stepping ~*~*~tactically~*~*~ (stealth).
  1672 | D:2      | 1672 ||| UPGRADING to twisted brass amulet.
  1673 | D:2      | 1673 ||| READING 2 scrolls of remove curse.
  1674 | D:2      | 1674 ||| REMOVING amulet of the acrobat.
  1675 | D:2      | 1675 ||| DROPPING amulet of the acrobat.
  1856 | D:2      | 1856 ||| READING 2 scrolls labeled ZERAMOOTWU.
  1857 | D:2      | 1857 ||| READING scroll labeled DECREE JIGUCA.
  1861 | D:2      | 1861 ||| READING scroll labeled KANKAE VUPAUCH.
  1862 | D:2      | 1862 ||| DRINKING 2 orange potions.
  1863 | D:2      | 1863 ||| DROPPING scroll of fear.
  1874 | D:3      | 1874 ||| Stepping ~*~*~tactically~*~*~ (stealth).
  2090 | D:3      | Found a shimmering altar of Xom.
  2094 | D:3      | 2094 ||| Stepping ~*~*~tactically~*~*~ (stealth).
  2096 | D:3      | 2096 ||| Stepping ~*~*~tactically~*~*~ (stealth).
  2097 | D:3      | 2097 ||| Stepping ~*~*~tactically~*~*~ (stealth).
  2099 | D:3      | 2099 ||| Stepping ~*~*~tactically~*~*~ (stealth).
  2100 | D:3      | 2100 ||| Stepping ~*~*~tactically~*~*~ (stealth).
  2131 | D:3      | 2131 ||| Stepping ~*~*~tactically~*~*~ (stealth).
  2136 | D:3      | 2136 ||| Stepping ~*~*~tactically~*~*~ (stealth).
  2137 | D:3      | 2137 ||| Stepping ~*~*~tactically~*~*~ (stealth).
  2138 | D:3      | 2138 ||| Stepping ~*~*~tactically~*~*~ (stealth).
  2180 | D:3      | Reached skill level 7 in Axes
  2193 | D:3      | 2193 ||| FLEEEEING.
  2194 | D:3      | 2194 ||| FLEEEEING.
  2195 | D:3      | 2195 ||| STILL FLEEEEING.
  2196 | D:3      | 2196 ||| FLEEEEING.
  2197 | D:3      | 2197 ||| FLEEEEING.
  2198 | D:3      | 2198 ||| FLEEEEING.
  2199 | D:3      | 2199 ||| FLEEEEING.
  2200 | D:3      | 2200 ||| FLEEEEING.
  2201 | D:3      | 2201 ||| FLEEEEING.
  2202 | D:3      | 2202 ||| FLEEEEING.
  2203 | D:3      | 2203 ||| Stepping ~*~*~tactically~*~*~ (stealth).
  2204 | D:3      | 2204 ||| FLEEEEING.
  2205 | D:3      | 2205 ||| FLEEEEING.
  2206 | D:3      | 2206 ||| FLEEEEING.
  2207 | D:3      | 2207 ||| FLEEEEING.
  2208 | D:3      | 2208 ||| FLEEEEING.
  2209 | D:3      | 2209 ||| FLEEEEING.
  2210 | D:3      | 2210 ||| FLEEEEING.
  2211 | D:3      | 2211 ||| FLEEEEING.
  2212 | D:3      | 2212 ||| FLEEEEING.
  2213 | D:3      | 2213 ||| FLEEEEING.
  2214 | D:3      | 2214 ||| FLEEEEING.
  2215 | D:3      | 2215 ||| STAIRDANCE
  2291 | D:2      | 2291 ||| READING scroll labeled ADWIAMMOTZA.
  2452 | D:3      | Found a bloodstained altar of Trog.
  2460 | D:3      | Became a worshipper of Trog the Wrathful
  2633 | D:4      | 2633 ||| Stepping ~*~*~tactically~*~*~ (stealth).
  2635 | D:4      | 2635 ||| Stepping ~*~*~tactically~*~*~ (stealth).
  2639 | D:4      | 2639 ||| Stepping ~*~*~tactically~*~*~ (stealth).
  2645 | D:4      | 2645 ||| Stepping ~*~*~tactically~*~*~ (stealth).
  2650 | D:4      | 2650 ||| FLEEEEING.
  2658 | D:4      | Reached XP level 6. HP: 46/52 MP: 5/5
  2659 | D:4      | 2659 ||| STILL FLEEEEING.
  2696 | D:4      | 2696 ||| DROPPING +0 club.
  2755 | D:4      | 2755 ||| Stepping ~*~*~tactically~*~*~ (stealth).
  2761 | D:4      | 2761 ||| Stepping ~*~*~tactically~*~*~ (stealth).
  2762 | D:4      | 2762 ||| Stepping ~*~*~tactically~*~*~ (stealth).
  2900 | D:4      | Got a polished cloak
  2901 | D:4      | 2901 ||| UPGRADING to polished cloak.
  2906 | D:4      | Identified the +2 cloak "Efunoa" {Str+2} (You found it on
                  | level 4 of the Dungeon)
  2957 | D:4      | Found a glowing golden altar of the Shining One.
  2961 | D:4      | Noticed Edmund
  2981 | D:4      | Killed Edmund
  2981 | D:4      | Reached skill level 8 in Axes
  2981 | D:4      | Reached XP level 7. HP: 53/59 MP: 6/6
  3012 | D:4      | 3012 ||| DROPPING +0 whip.
  3136 | D:4      | 3136 ||| UPGRADING to embroidered scarf.
  3146 | D:4      | 3146 ||| UPGRADING to +2 cloak "Efunoa" {Str+2}.
  3156 | D:4      | 3156 ||| DROPPING scarf of spirit shield.
  3212 | D:4      | 3212 ||| FLEEEEING.
  3213 | D:4      | 3213 ||| FLEEEEING.
  3214 | D:4      | 3214 ||| FLEEEEING.
  3215 | D:4      | 3215 ||| FLEEEEING.
  3216 | D:4      | 3216 ||| FLEEEEING.
  3217 | D:4      | 3217 ||| FLEEEEING.
  3228 | D:4      | Reached skill level 9 in Axes
  3499 | D:4      | 3499 ||| READING scroll labeled BUICKU BIPENEJ.
  3500 | D:4      | 3500 ||| READING scroll labeled YTOWIXU YMANY.
  3501 | D:4      | 3501 ||| DRINKING 2 silvery potions.
  3502 | D:4      | 3502 ||| DRINKING 2 sedimented golden potions.
  3503 | D:4      | 3503 ||| READING 2 scrolls of identify.
  3503 | D:4      | 3503 ||| IDENTIFYING ruby potion
  3504 | D:4      | 3504 ||| DROPPING potion of degeneration.
  3545 | D:5      | Entered Level 5 of the Dungeon
  3563 | D:5      | Noticed a troll
  3571 | D:5      | 3571 ||| Stepping ~*~*~tactically~*~*~ (hiding).
  3571 | D:5      | Noticed a troll
  3577 | D:5      | HP: 13/60 [centaur/cursed -3 shortbow (5)]
  3578 | D:5      | 3578 ||| DRINKING potion of heal wounds.
  3580 | D:5      | Slain by a troll

Levels and vault maps discovered:
D:1:      matt_arrival_spirals, layout_loops_ring, serial_forest,
          infiniplex_forest_lined_2, infiniplex_forest_lined_room_2,
          infiniplex_forest_lined_3, infiniplex_forest_zigzag_1,
          infiniplex_forest_end_2, infiniplex_forest_clump_double,
          item_on_display_a
D:2:      kennysheep_the_goblin_king, layout_loops_cross, first_ration,
          kennysheep_generic_room_15, uniq_jessica
D:3:      layout_rooms, lemuel_doored_altar, overflow_temple_1_default
D:4:      layout_basic, kennysheep_mini, chequers_big_river, uniq_edmund
D:5:      cheibrodos_fzero, layout_loops_corners, lemuel_round_altar

Skill      XL: |  1  2  3  4  5  6  7 |
---------------+----------------------+-----
Axes           | 3 4 5 6 7 8 9 |  9.1
Dodging        | 1 |  1.2
Fighting       | 4 |  4.6
Shields        | 4 |  4.0
Armour         | |  3.6

Action                   |  1- 3 |  4- 6 |  7- 9 || total
-------------------------+-------+-------+-------++-------
Melee: War axe           |    77 |   158 |    22 ||   257
       Headbutt          |    11 |    33 |     3 ||    47
  Use: Scroll            |     3 |     5 |     3 ||    11
       Potion            |     1 |     1 |     3 ||     5
  Eat: Chunk             |     1 |     6 |     1 ||     8
Armor: Scale mail        |    10 |       |       ||    10
       Chain mail        |    20 |    66 |    15 ||   101
Dodge: Dodged            |    14 |    20 |     6 ||    40
Block: Shield            |    28 |    56 |    17 ||   101

Table legend:
 A = Non-vault XP
 B = Vault XP
 C = Vault XP percentage of total XP
 D = Non-vault monster count
 E = Vault monster count
 F = Vault count percentage of total count
                 A         B        C        D         E       F
            +---------+---------+-------+---------+---------+-------
      Total |     630 |     302 |  32.4 |      85 |      12 |  12.4
            +---------+---------+-------+---------+---------+-------
        D:1 |      34 |       0 |   0.0 |      20 |       0 |   0.0
        D:2 |     112 |      86 |  43.4 |      30 |      10 |  25.0
        D:3 |     135 |       0 |   0.0 |      20 |       0 |   0.0
        D:4 |     347 |     162 |  31.8 |      14 |       1 |   6.7
        D:5 |       2 |      54 |  96.4 |       1 |       1 |  50.0
            +---------+---------+-------+---------+---------+-------
